Map: Dusty Gorge

Players

Adversity - Winner!

  • Race: Terran Terran
  • Spawn Location: 11:00

Adversity - Winner!

  • Race: Terran Terran
  • Spawn Location: 11:00

DemonKing - Winner!

  • Race: Protoss Protoss
  • Spawn Location: 9:00

tetrud

  • Race: Protoss Protoss
  • Spawn Location: 5:00

JustAGuy

  • Race: Terran Terran
  • League: Master
  • Spawn Location: 3:00

DemonKing - Winner!

  • Race: Protoss Protoss
  • Spawn Location: 9:00

tetrud

  • Race: Protoss Protoss
  • Spawn Location: 5:00

JustAGuy

  • Race: Terran Terran
  • League: Master
  • Spawn Location: 3:00

VOD

Have the link to the VOD?

Description

Time

  • Played on: Sept. 1, 2018, 1:06 p.m.
  • Length: 5:22
Show
View Real Time Build Order
Export as new Build Order

Adversity Terran - Winner!

Build Orders:  

Get SALT Encoding   

  12  0:03  SCV  
  13  0:17  SCV  
  13  0:20  Supply Depot  
  14  0:29  SCV  
  15  0:37  Refinery  
  15  0:42  SCV  
  16  0:46  Barracks  
  16  0:54  SCV  
  17  1:09  Barracks  
  17  1:19  Barracks  
  17  1:35  Reaper  
  18  1:53  Orbital Command  
  18  2:03  Reaper  
  19  2:12  Reaper  
  19  2:14  Reaper  
  21  2:22  Refinery  
  21  2:28  Supply Depot  
  21  2:35  Reaper  
  21  2:36  SCV  
  23  2:49  Reaper  
  25  2:51  SCV  
  25  2:53  Supply Depot  
  25  3:03  Reaper  
  26  3:10  SCV  
  26  3:11  Reaper  
  28  3:33  Reaper  
  29  3:35  SCV, Command Center  
  29  3:39  Reaper  
  31  3:55  Reaper  
  30  3:56  SCV  
  31  4:06  Reaper, Barracks  
  31  4:08  Barracks  
  32  4:12  SCV  
  32  4:15  Reaper  
  34  4:24  SCV  
  35  4:33  Reaper  
  35  4:56  Orbital Command  
  35  4:57  SCV  
Show
View Real Time Build Order
Export as new Build Order

Adversity Terran - Winner!

Build Orders:  

Get SALT Encoding   

  12  0:03  SCV  
  13  0:17  SCV  
  13  0:20  Supply Depot  
  14  0:29  SCV  
  15  0:37  Refinery  
  15  0:42  SCV  
  16  0:46  Barracks  
  16  0:54  SCV  
  17  1:09  Barracks  
  17  1:19  Barracks  
  17  1:35  Reaper  
  18  1:53  Orbital Command  
  18  2:03  Reaper  
  19  2:12  Reaper  
  19  2:14  Reaper  
  21  2:22  Refinery  
  21  2:28  Supply Depot  
  21  2:35  Reaper  
  21  2:36  SCV  
  23  2:49  Reaper  
  25  2:51  SCV  
  25  2:53  Supply Depot  
  25  3:03  Reaper  
  26  3:10  SCV  
  26  3:11  Reaper  
  28  3:33  Reaper  
  29  3:35  SCV, Command Center  
  29  3:39  Reaper  
  31  3:55  Reaper  
  30  3:56  SCV  
  31  4:06  Barracks, Reaper  
  31  4:08  Barracks  
  32  4:12  SCV  
  32  4:15  Reaper  
  34  4:24  SCV  
  35  4:33  Reaper  
  35  4:56  Orbital Command  
  35  4:57  SCV  
Show
View Real Time Build Order
Export as new Build Order

DemonKing Protoss - Winner!

Build Orders:  

Get SALT Encoding   

  12  0:01  Probe  
  13  0:15  Pylon  
  13  0:18  Probe  
  14  0:30  Probe  
  14  0:35  Gateway  
  15  0:42  Probe  
  16  0:46  Assimilator  
  16  0:54  Probe  
  17  1:06  Probe  
  18  1:17  Zealot  
  18  1:23  Cybernetics Core  
  18  1:24  Probe  
  21  1:42  Pylon  
  21  1:47  Zealot  
  23  2:10  Stalker  
  24  2:20  Gateway  
  24  2:26  Shield Battery  
  21  2:47  Stalker  
  7  3:15  Stalker  
  7  3:16  Stalker  
  7  3:45  Stalker  
Show
View Real Time Build Order
Export as new Build Order

tetrud Protoss 

Build Orders: Cannon Rush 

Get SALT Encoding   

  12  0:02  Probe  
  13  0:16  Pylon  
  13  0:24  Probe  
  14  0:36  Probe  
  14  0:42  Forge  
  15  0:48  Probe  
  16  1:00  Pylon  
  16  1:10  Pylon  
  16  1:20  Photon Cannon  
  16  1:27  Photon Cannon  
  16  1:37  Photon Cannon  
  16  1:51  Photon Cannon  
  16  1:52  Pylon  
  16  1:59  Pylon  
  16  2:02  Pylon  
  16  2:16  Photon Cannon  
  16  2:24  Photon Cannon  
  16  2:27  Probe  
  16  2:45  Pylon  
  16  2:56  Photon Cannon  
  16  3:01  Gateway  
  16  3:16  Probe  
  16  3:17  Assimilator  
  17  3:28  Probe  
  18  3:39  Assimilator  
  18  3:41  Probe  
  19  3:52  Cybernetics Core  
  19  3:53  Probe  
  20  4:05  Probe  
  21  4:17  Probe  
  22  4:26  Pylon  
  21  4:34  Pylon  
  10  4:53  Photon Cannon  
Show
View Real Time Build Order
Export as new Build Order

JustAGuy Terran 

Build Orders:  

Get SALT Encoding   

  12  0:05  SCV  
  13  0:17  SCV  
  14  0:21  Supply Depot  
  14  0:29  SCV  
  15  0:36  Refinery  
  15  0:43  SCV  
  15  0:47  Barracks  
  16  0:55  SCV  
  17  1:04  Barracks  
  17  1:11  SCV  
  18  1:23  SCV  
  19  1:38  Reaper, SCV  
  21  1:40  Supply Depot  
  21  1:43  Refinery  
  21  1:52  Reaper  
  22  1:54  Orbital Command  
  22  2:06  Barracks  
  22  2:10  Reaper  
  23  2:24  Reaper  
  23  2:26  SCV  
  25  2:42  Reaper  
  26  2:51  SCV  
  25  2:56  Barracks, Reaper  
  26  3:05  SCV  
  27  3:14  Reaper  
  27  3:15  Reaper  
  23  3:28  Reaper  
  21  3:46  Reaper  
  21  3:47  Reaper  
  5  4:00  Reaper  
  4  4:18  Marine x2  
  6  4:32  Marine  
  6  4:36  Marine x2  
  5  4:54  Marine x2  
  5  4:56  Marine  
Show
View Real Time Build Order
Export as new Build Order

DemonKing Protoss - Winner!

Build Orders:  

Get SALT Encoding   

  12  0:01  Probe  
  13  0:15  Pylon  
  13  0:18  Probe  
  14  0:30  Probe  
  14  0:35  Gateway  
  15  0:42  Probe  
  16  0:46  Assimilator  
  16  0:54  Probe  
  17  1:06  Probe  
  18  1:17  Zealot  
  18  1:23  Cybernetics Core  
  18  1:24  Probe  
  21  1:42  Pylon  
  21  1:47  Zealot  
  23  2:10  Stalker  
  24  2:20  Gateway  
  24  2:26  Shield Battery  
  21  2:47  Stalker  
  7  3:15  Stalker  
  7  3:16  Stalker  
  7  3:45  Stalker  
Show
View Real Time Build Order
Export as new Build Order

tetrud Protoss 

Build Orders: Cannon Rush 

Get SALT Encoding   

  12  0:02  Probe  
  13  0:16  Pylon  
  13  0:24  Probe  
  14  0:36  Probe  
  14  0:42  Forge  
  15  0:48  Probe  
  16  1:00  Pylon  
  16  1:10  Pylon  
  16  1:20  Photon Cannon  
  16  1:27  Photon Cannon  
  16  1:37  Photon Cannon  
  16  1:51  Photon Cannon  
  16  1:52  Pylon  
  16  1:59  Pylon  
  16  2:02  Pylon  
  16  2:16  Photon Cannon  
  16  2:24  Photon Cannon  
  16  2:27  Probe  
  16  2:45  Pylon  
  16  2:56  Photon Cannon  
  16  3:01  Gateway  
  16  3:16  Probe  
  16  3:17  Assimilator  
  17  3:28  Probe  
  18  3:39  Assimilator  
  18  3:41  Probe  
  19  3:52  Cybernetics Core  
  19  3:53  Probe  
  20  4:05  Probe  
  21  4:17  Probe  
  22  4:26  Pylon  
  21  4:34  Pylon  
  10  4:53  Photon Cannon  
Show
View Real Time Build Order
Export as new Build Order

JustAGuy Terran 

Build Orders:  

Get SALT Encoding   

  12  0:05  SCV  
  13  0:17  SCV  
  14  0:21  Supply Depot  
  14  0:29  SCV  
  15  0:36  Refinery  
  15  0:43  SCV  
  15  0:47  Barracks  
  16  0:55  SCV  
  17  1:04  Barracks  
  17  1:11  SCV  
  18  1:23  SCV  
  19  1:38  SCV, Reaper  
  21  1:40  Supply Depot  
  21  1:43  Refinery  
  21  1:52  Reaper  
  22  1:54  Orbital Command  
  22  2:06  Barracks  
  22  2:10  Reaper  
  23  2:24  Reaper  
  23  2:26  SCV  
  25  2:42  Reaper  
  26  2:51  SCV  
  25  2:56  Reaper, Barracks  
  26  3:05  SCV  
  27  3:14  Reaper  
  27  3:15  Reaper  
  23  3:28  Reaper  
  21  3:46  Reaper  
  21  3:47  Reaper  
  5  4:00  Reaper  
  4  4:18  Marine x2  
  6  4:32  Marine  
  6  4:36  Marine x2  
  5  4:54  Marine x2  
  5  4:56  Marine  
Tags
 
Add a new tag
Caveats
  • Supply blocks, unpowered buildings, or Contaminate may cause inaccurate times.
  • Supply counts are checked every 10 seconds.